 Dungeon Crawl Stone Soup version 0.17-a0-1718-g72dbe4d (webtiles) character file.

46791 KambridgeKobold the Blocker (level 14, -17/198 HPs)
             Began as a Minotaur Fighter on Aug 24, 2015.
             Was an Elder of Ashenzari.
             Demolished by a tentacled starspawn (27 damage)
             ... on level 1 of the Abyss.
             The game lasted 03:00:02 (23736 turns).

KambridgeKobold the Blocker (Minotaur Fighter)     Turns: 23736, Time: 03:00:02

Health: -17/198    AC: 19    Str: 27 (28) XL:     14   Next: 6%
Magic:  13/13      EV:  2    Int:  2 (3)  God:    Ashenzari [****..]
Gold:   1532       SH: 14    Dex:  7 (8)  Spells: 0 memorised, 13 levels left

rFire  . . .     SeeInvis +     Y - +3 mace (freeze) (curse)
rCold  . . .     Clarity  +     (armour currently unavailable)
rNeg   + + +     SustAt   .     c - +0 shield (curse)
rPois  +         Gourm    .     (helmet currently unavailable)
rElec  .         Spirit   .     (cloak currently unavailable)
rCorr  .         Warding  +     (gloves currently unavailable)
rMut   .         NoTele   +     (boots currently unavailable)
MR     +....                    g - amulet of warding
Stlth  ..........               V - +5 ring of strength (curse)
                                q - ring of flight

@: mighty, berserking, tree-form, corroded equipment, very quick, somewhat
resistant to hostile enchantments, extremely unstealthy
A: (retaliatory headbutt), (horns 0), berserk 3, blurry vision 3, clumsy 2,
(deformed body), deterioration 2, dopey 2, frail 3, low mp 3, weak 2, subdued
magic 1, MP-powered wands
a: Scrying, Renounce Religion


You were on level 1 of the Abyss.
You worshipped Ashenzari.
Ashenzari was greatly pleased with you.
You were not hungry.
You were a tree.
You visited 3 branches of the dungeon, and saw 18 of its levels.
You visited the Abyss 1 time.
You also visited: Volcano.

You collected 1958 gold pieces.
You spent 304 gold pieces at shops.

Inventory:

Hand weapons
 b - a +0 morningstar of holy wrath
 s - a +0 vampiric spear
 E - a cursed +3 spear
 O - a +0 halberd of flaming
 Y - a cursed +3 mace of freezing (weapon)
Missiles
 h - 476 stones
 u - 5 tomahawks of returning (quivered)
Armour
 c - a cursed +0 shield (worn)
 y - a +1 chain mail of fire resistance
 z - a cursed +2 cloak (melded)
 C - a cursed +2 pair of gloves (melded)
 L - a cursed +2 pair of boots (melded)
 S - a cursed +0 plate armour (melded)
Jewellery
 f - an uncursed amulet of stasis
 g - an amulet of warding (around neck)
 q - a ring of flight (left branch)
 V - a cursed +5 ring of strength (right branch)
Magical devices
 p - a wand of digging (14)
 G - a wand of flame (18)
 H - a wand of confusion (30)
 M - a wand of slowing (20)
 U - a wand of flame (44)
Scrolls
 i - a scroll of curse armour
 l - a scroll of fear
 o - a scroll of blinking
 r - 3 scrolls of identify
 D - 3 scrolls of curse jewellery
 F - 3 scrolls of enchant weapon
 I - a scroll of teleportation
 K - 2 scrolls of magic mapping
 N - 2 scrolls of recharging
 P - a scroll of brand weapon
 T - 3 scrolls of amnesia
 X - a scroll of silence
 Z - a scroll of summoning
Potions
 d - 3 potions of might
 k - 3 potions of haste
 m - 2 potions of agility
 n - 2 potions of lignification
 t - 3 potions of curing
 A - a potion of ambrosia
 J - a potion of brilliance
 W - 3 potions of resistance
Miscellaneous
 a - a plain deck of wonders {drawn: 2}
Comestibles
 e - 12 bread rations
 v - 10 fruits
 x - 14 meat rations
 B - 8 beef jerkies
 Q - 3 slices of pizza


   Skills:
 + Level 12.7 Fighting
   Level 7.7(11.6) Axes
 + Level 9.9(13.9) Maces & Flails
 - Level 10.0(11.0) Polearms
 + Level 10.8(14.0) Armour
 - Level 7.0 Dodging
 - Level 13.5(15.5) Shields
 - Level 9.0 Evocations


You had 13 spell levels left.
You didn't know any spells.

Dungeon Overview and Level Annotations

Branches:
Dungeon (14/15)            Temple (1/1) D:5            Lair (0/8) D:11
    Orc (3/4) D:12            Elf (0/3) Orc:3        Vaults (0/5) D:14

Altars:
Ashenzari
Cheibriados
Dithmenos
Elyvilon
Fedhas
Gozag
Kikubaaqudgha
Makhleb
Nemelex Xobeh
Okawaru
Qazlal
Ru
Sif Muna
Trog
Vehumet
Xom
Yredelemnul
Zin
The Shining One
Beogh

Shops:
D:9 *   D:10 ?   D:11 [

Portals:
Trove: D:12 (give 2 potions of cure mutation)

Annotations:
Orc:3 Sonja


Innate Abilities, Weirdness & Mutations

((You reflexively headbutt those who attack you in melee.))
((You have a pair of horns on your head.))
[You have an uncontrollable temper.]
[Scrolls take you much longer to read.]
[You are very clumsy. (Dex -4)]
[((Armour fits poorly on your strangely shaped body.))]
[Your body often deteriorates upon taking damage.]
[You are very dopey. (Int -4)]
[You are extremely frail (-30% HP).]
[Your magical capacity is extremely low (-30% MP).]
[You are very weak. (Str -4)]
[Your spells are a little easier to cast, but a little less powerful.]
[You expend magic power (3 MP) to strengthen your wands.]


Message History

The rust devil twists and deforms.
The ufetubus twists and deforms.
The ufetubus twists and deforms. x3
The sixfirhy twists and deforms.
The ynoxinul gestures.
You thump the starspawn tentacle! You freeze the starspawn tentacle.
You destroy the starspawn tentacle!
The ufetubus disappears in a puff of smoke!
The tentacled starspawn bites you.
* * * LOW HITPOINT WARNING * * *
The tentacled starspawn engulfs you but does no damage.
You hit the tentacled starspawn. You freeze the tentacled starspawn.
The tentacled starspawn is moderately damaged.
The starspawn tentacle grabs you. The starspawn tentacle constricts you.
You block the rust devil's attack.
You barely miss the tentacled starspawn.
The starspawn tentacle loses its grip on you.
The tentacled starspawn is moderately damaged.
The ufetubus's attack is warded away. x2
The tentacled starspawn bites you!!
You die...

, , ** * , , *, , * , .., #
, , , , * * * .#, . ,, ,
,,,* * * *,.#..*.# , * , ,,
, *, #..##.# , ,,, * ,
#....#* , * ,* *,* ≈≈≈., ,,
≈ , *# ## #####4### ### #*
≈ * # .....#..5♣#{.......
.#, , '. .#55Xw45...# ....#
, *......'.555#..........#
,
#......#...3#..........#,,,
....#'##5#....... .#* *
'#.....5#.##....##### ,* *
,, ,, +. ....#..#....#, , ,
,#.... .'..'....#*, ,** ,,
.#......#..#....# , **


You could see a tentacled starspawn, a rust devil, a sixfirhy, a ynoxinul, a
starspawn tentacle and 8 ufetubi.

Vanquished Creatures
  The ghost of utis the Spear-Bearer, a powerful CeFi of Zin (D:12)
  3 vault guards
  Josephine (D:12)
  Erica (D:10)
  A centaur warrior (D:13)
  A skeletal warrior (D:13)
  An unseen horror (D:11)
  2 necromancers (D:14)
  A starcursed mass (Abyss:1)
  2 wizards (D:14)
  8 hill giants
  2 orc knights
  4 ugly things
  A manticore (D:11)
  A wolf spider zombie (D:14)
  A shining eye (shapeshifter) (D:14)
  An orc sorcerer (Orc:1)
  2 cyclopes
  2 wolf spiders (Orc:2)
  An elephant (D:11)
  A gargoyle (D:12)
  An orange demon (Abyss:1)
  A komodo dragon (D:12)
  A redback zombie (D:14)
  A yaktaur (D:14)
  2 kobold demonologists
  An ancient zyme (Abyss:1)
  8 trolls
  5 two-headed ogres
  A trapdoor spider zombie (D:11)
  8 slime creatures
  A trapdoor spider (D:11)
  Sigmund (D:4)
  A centaur simulacrum (D:14)
  8 wraiths
  3 deep elf magi
  A fire bat (Volcano)
  17 humans (D:14)
  2 wyverns
  2 vampire mosquitoes (D:13)
  23 yaks
  6 hippogriffs
  A tarantella (Orc:2)
  A mottled dragon (D:12)
  3 hungry ghosts
  18 orc warriors
  A spider (Orc:2)
  A wasp (D:10)
  2 black bears
  2 phantoms
  4 ice beasts
  16 ogres
  7 sky beasts
  12 centaurs
  A necrophage (D:7)
  5 big kobolds
  A crocodile (D:12)
  Blork the orc (D:6)
  A wyvern zombie (D:13)
  6 scorpions
  A wyvern skeleton (D:12)
  9 giant frogs
  17 wights
  9 killer bees
  6 lava snakes (Volcano)
  2 giant frog zombies (D:9)
  5 crimson imps
  3 centaur zombies
  24 orc priests
  Crazy Yiuf (D:6)
  6 centaur skeletons
  4 giant frog skeletons
  An iron imp (Abyss:1)
  A quasit (D:5)
  5 hounds
  An iguana (D:7)
  9 worker ants
  2 sheep (D:11)
  28 orc wizards
  A killer bee zombie (D:6)
  2 hound skeletons
  A worker ant zombie (D:11)
  13 gnolls
  18 adders
  3 shadow imps
  2 oozes
  An adder skeleton (D:7)
  5 worms
  135 orcs
  2 ball pythons
  9 giant cockroaches
  11 hobgoblins
  8 jackals
  9 quokkas
  9 bats
  7 giant geckos
  13 giant newts
  13 goblins
  34 kobolds
  A quokka zombie (D:9)
  7 rats
  2 plants (D:11)
  A starspawn tentacle (Abyss:1)
656 creatures vanquished.

Vanquished Creatures (others)
  A big kobold (D:14)
  2 plants (D:4)
  A starspawn tentacle (Abyss:1)
  8 starspawn tentacle segments (Abyss:1)
12 creatures vanquished.

Grand Total: 668 creatures vanquished

Notes
Turn   | Place    | Note
--------------------------------------------------------------
     0 | D:1      | KambridgeKobold the Minotaur Fighter began the quest for the Orb.
     0 | D:1      | Reached XP level 1. HP: 19/19 MP: 0/0
    64 | D:1      | Reached skill level 4 in Fighting
    73 | D:1      | Reached XP level 2. HP: 14/27 MP: 1/1
   879 | D:2      | Reached XP level 3. HP: 32/34 MP: 2/2
  1357 | D:2      | Reached skill level 5 in Fighting
  1698 | D:3      | Reached XP level 4. HP: 31/42 MP: 3/3
  2225 | D:3      | Found a shattered altar of Ashenzari.
  2273 | D:3      | Became a worshipper of Ashenzari the Shackled
  2747 | D:4      | Reached XP level 5. HP: 36/48 MP: 4/4
  3019 | D:4      | Reached skill level 6 in Fighting
  3019 | D:4      | Reached skill level 5 in Armour
  3020 | D:4      | Reached XP level 6. HP: 34/57 MP: 5/5
  3194 | D:4      | Found a shimmering altar of Xom.
  3249 | D:4      | Noticed an orc warrior
  3281 | D:4      | Noticed an orc warrior
  3529 | D:4      | Reached skill level 5 in Axes
  3530 | D:4      | HP: 4/87 [poisoned by a scorpion]
  3698 | D:4      | Killed an orc warrior
  3784 | D:5      | Entered Level 5 of the Dungeon
  3975 | D:5      | Reached XP level 7. HP: 58/64 MP: 6/6
  4240 | D:5      | Reached skill level 7 in Fighting
  4774 | D:5      | Found a staircase to the Ecumenical Temple.
  4903 | Temple   | Entered the Ecumenical Temple
  5177 | D:4      | HP: 1/66 [orc warrior/glaive (18)]
  5189 | D:4      | HP: 2/66 [orc warrior/glaive (5)]
  5192 | D:4      | Killed an orc warrior
  5254 | D:4      | Reached XP level 8. HP: 16/74 MP: 7/7
  5732 | D:4      | Reached skill level 8 in Fighting
  5807 | D:4      | Noticed Sigmund
  5822 | D:4      | Killed Sigmund
  6090 | D:6      | Noticed Blork the orc
  6098 | D:6      | Killed Blork the orc
  6673 | D:6      | Reached skill level 9 in Fighting
  6673 | D:6      | Reached skill level 1 in Maces & Flails
  7011 | D:6      | Reached XP level 9. HP: 70/83 MP: 8/8
  7106 | D:6      | Noticed Crazy Yiuf
  7113 | D:6      | Killed Crazy Yiuf
  7635 | D:7      | Reached skill level 10 in Fighting
  7703 | D:7      | Acquired Ashenzari's first power
  8023 | D:7      | Reached skill level 5 in Maces & Flails
  8023 | D:7      | Reached skill level 1 in Evocations
  8165 | D:7      | Reached skill level 10 in Armour
  8758 | D:7      | Reached XP level 10. HP: 53/93 MP: 11/11
  9519 | D:8      | Reached skill level 5 in Shields
 10106 | D:8      | Acquired Ashenzari's second power
 10795 | D:9      | Found a sacrificial altar of Ru.
 10963 | D:9      | Found a bloodstained altar of Trog.
 10963 | D:9      | Found a snail-covered altar of Cheibriados.
 10963 | D:9      | Found a glowing golden altar of the Shining One.
 10976 | D:9      | Found an iron altar of Okawaru.
 10983 | D:9      | Found a shimmering altar of Xom.
 11097 | D:9      | Found Byavvux's Elemental Accessories.
 11117 | D:9      | Reached skill level 5 in Evocations
 11563 | D:10     | Entered Level 10 of the Dungeon
 11567 | D:10     | Noticed a hill giant
 11584 | D:10     | Killed a hill giant
 11872 | D:10     | Reached XP level 11. HP: 99/99 MP: 14/14
 12502 | D:10     | Found Wukoanal's Magic Scroll Shoppe.
 12509 | D:10     | Bought a scroll of summoning for 123 gold pieces
 12509 | D:10     | Bought a scroll of magic mapping for 45 gold pieces
 12509 | D:10     | Bought a scroll of silence for 97 gold pieces
 12509 | D:10     | Bought a scroll of teleportation for 39 gold pieces
 12528 | D:10     | Noticed Erica
 12549 | D:10     | Killed Erica
 13062 | D:11     | Noticed a hill giant
 13075 | D:11     | Reached skill level 11 in Fighting
 13082 | D:11     | Killed a hill giant
 13382 | D:11     | Noticed a hill giant
 13390 | D:11     | Killed a hill giant
 13723 | D:11     | Acquired Ashenzari's third power
 13766 | D:11     | Reached skill level 10 in Shields
 13892 | D:11     | Found a staircase to the Lair.
 14079 | D:11     | Noticed a hill giant
 14324 | D:11     | Killed a hill giant
 14495 | D:11     | Reached skill level 12 in Fighting
 14495 | D:11     | Reached XP level 12. HP: 108/112 MP: 16/16
 14587 | D:11     | Noticed an unseen horror
 14598 | D:11     | Killed an unseen horror
 14598 | D:11     | Reached skill level 1 in Polearms
 14713 | D:11     | Found Uwuu's Antique Armour Shop.
 14990 | D:11     | Identified Luna Qug's Guide on Torrid Conjuration
 15385 | D:12     | Noticed a hill giant
 15845 | D:12     | Found a portal to a secret trove of treasure.
 16198 | D:12     | Found a roughly hewn altar of Beogh.
 16198 | D:12     | Found a staircase to the Orcish Mines.
 16653 | D:12     | Reached skill level 5 in Polearms
 16914 | D:12     | Noticed Josephine
 16934 | D:12     | Killed Josephine
 16934 | D:12     | Reached skill level 1 in Dodging
 17519 | D:12     | Noticed utis's ghost (powerful CeFi)
 17567 | D:12     | Killed utis's ghost
 18024 | D:13     | Noticed a centaur warrior
 18038 | D:13     | Killed a centaur warrior
 18038 | D:13     | Reached XP level 13. HP: 114/118 MP: 18/18
 18887 | D:13     | Reached skill level 5 in Dodging
 19365 | D:14     | Gained mutation: [You are clumsy. (Dex -2)] [a shining eye]
 19367 | D:14     | Gained mutation: [Your body sometimes deteriorates upon taking damage.] [a shining eye]
 19376 | D:14     | Reached skill level 13 in Shields
 19397 | D:14     | Found a gate to the Vaults.
 20004 | D:14     | Hired Ifizagok the big kobold for 90 gold.
 20019 | D:14     | Your ally Ifizagok died
 20611 | D:14     | Reached skill level 10 in Polearms
 20962 | Orc:1    | Entered Level 1 of the Orcish Mines
 21024 | Orc:1    | Found a dark tunnel.
 21608 | Volcano  | Entered a volcano
 21623 | Volcano  | Acquired Ashenzari's fourth power
 22027 | Volcano  | Found a bloodstained altar of Trog.
 22572 | Orc:2    | Reached XP level 14. HP: 84/127 MP: 19/19
 23151 | Orc:3    | Found a staircase to the Elven Halls.
 23402 | Orc:3    | Noticed Sonja
 23407 | Orc:3    | Cast into the Abyss (Sonja)
 23407 | Abyss:1  | Identified the +7 glaive "Wapetir" {venom, +Blink Dex+4}
 23465 | Abyss:1  | Noticed a bone dragon
 23492 | Abyss:1  | Noticed a bone dragon
 23714 | Abyss:1  | Noticed a tentacled starspawn
 23727 | Abyss:1  | HP: 3/190 [sixfirhy (8)]
 23734 | Abyss:1  | HP: 9/198 [tentacled starspawn (3)]
 23736 | Abyss:1  | Demolished by a tentacled starspawn

Vault maps used:
D:1:      ncdulo_halloftheorcs
D:3:      ashenzari_conservatory_becter, first_bread, minmay_lizard_king
D:4:      corexii_shack_village, xom_teletrap_fun, uniq_sigmund
D:5:      minmay_temple_entry_nine_rooms
D:6:      st_stairs_11, uniq_blork_the_orc, uniq_crazy_yiuf_cottage
D:9:      minmay_overflow_temple_hex, grunt_ogre_cave, st_stairs_1,
          grunt_decor_fettered, nicolae_elemental_shop
D:10:     serial_shops, nicolae_shop_stone, hangedman_decor_slide_cut,
          uniq_erica
D:11:     minmay_weird_star, david_lair_generic, serial_shops, shop
D:12:     david_orc_5, enter_trove_0, uniq_josephine
D:13:     minivault_19
D:14:     grunt_vaults_entry_tiered
Temple:   circular_temple_12
Orc:1:    nicolae_volcano_entry_two_sided, nicolae_orc_pool_cavern
Orc:2:    nicolae_orc_accident_3, mines2_lemuel
Orc:3:    uniq_sonja
Volcano:  volcano_grotto

Action                   |  1- 3 |  4- 6 |  7- 9 | 10-12 | 13-15 || total
-------------------------+-------+-------+-------+-------+-------++-------
Melee: War axe           |    72 |    43 |    49 |       |       ||   164
       Whip              |    76 |   149 |       |       |       ||   225
       Mace              |       |       |   284 |  1125 |   811 ||  2220
       Flail             |       |       |    54 |       |       ||    54
Throw: Stone             |       |       |    20 |    13 |       ||    33
       Tomahawk          |       |       |       |     7 |       ||     7
Invok: Scrying           |       |       |       |     4 |     5 ||     9
 Abil: Evoke Flight      |       |       |       |     4 |       ||     4
Evoke: Wand              |       |       |       |     7 |     5 ||    12
       Deck              |       |       |       |       |     3 ||     3
  Use: Scroll            |       |     6 |     9 |    18 |     7 ||    40
       Potion            |       |     4 |     3 |       |     5 ||    12
  Eat: Chunk             |     3 |     6 |    16 |    33 |    20 ||    78
       Pizza             |       |     1 |       |       |       ||     1
       Beef jerky        |       |       |     1 |       |       ||     1
